 Dungeon Crawl Stone Soup version 0.31-a0-986-g5e6e4ef867 (webtiles) character file.

Game seed: 16728265799757979432

25 voltaire321 the Caller (level 2, 0/20 HPs)
             Began as a Demonspawn Summoner on Nov 15, 2023.
             Slain by Terence
             ... wielding a +0 flail
              (10 damage)
             ... on level 2 of the Dungeon.
             The game lasted 00:02:47 (1045 turns).

voltaire321 the Caller (Demonspawn Summoner)        Turns: 1045, Time: 00:02:48

Health: 0/20       AC:  2    Str:  8    XL:     2   Next: 86%
Magic:  2/5        EV: 12    Int: 16    God:
Gold:   32         SH:  0    Dex: 13    Spells: 2/5 levels left

rFire   . . .        g - +0 short sword
rCold   . . .        (no shield)
rNeg    . . .        a - +0 robe
rPois   .            (no helmet)
rElec   .            (no cloak)
rCorr   .            (no gloves)
SInv    .            (no boots)
Will    .....        (no amulet)
Stlth   ++           (no ring)
HPRegen 0.23/turn    (no ring)
MPRegen 0.09/turn

%: no passive effects
@: no status effects
A: powered by death 1
a: no special abilities


You were on level 2 of the Dungeon.
You visited 1 branch of the dungeon, and saw 2 of its levels.

You collected 32 gold pieces.

Inventory:

Hand Weapons
 g - a +0 short sword (weapon)
Armour
 a - a +0 robe (worn)
Scrolls
 d - a scroll of immolation {unknown}
 f - 2 scrolls of vulnerability {unknown}
Potions
 b - 2 potions of magic
 c - a potion of haste {unknown}
 e - a potion of might {unknown}


   Skills:
 + Level 0.8 Fighting
 + Level 0.7 Armour
 + Level 2.1 Dodging
 - Level 1.8 Stealth
 + Level 2.2 Spellcasting
 + Level 4.2 Summonings


You had 2 spell levels left.
You knew the following spells:

 Your Spells              Type           Power      Damage    Failure   Level
a - Summon Small Mammal   Summ           60%        N/A       3%          1
b - Call Imp              Summ           30%        N/A       5%          2

Your spell library contained the following spells:

 Spells                   Type           Power      Damage    Failure   Level
 Call Canine Familiar     Summ           15%        N/A       11%         3
 Summon Guardian Golem    Hex/Summ       8%         N/A       26%         3
 Summon Lightning Spire   Summ/Air       8%         N/A       63%         4


Dungeon Overview and Level Annotations

Branches:
Dungeon (2/15)

Altars:

Annotations:
D:2 Terence


Innate Abilities, Weirdness & Mutations

You regenerate a little health from kills.


Message History

Terence misses you.
You barely miss Terence.
Your cerulean imp hits Terence with a -3 spear.
Terence closely misses you.
You hit Terence but do no damage.
Terence is moderately wounded.
Your cerulean imp hits Terence with a -3 spear.
Terence misses you.
You barely miss Terence.
Terence is moderately wounded.
Your cerulean imp hits Terence with a -3 spear.
Terence says, "Did you write a will?
You should..."
Terence hits you with a +0 flail.
You closely miss Terence.
Terence is heavily wounded.
Your cerulean imp hits Terence with a -3 spear.
Terence hits your cerulean imp with a +0 flail!
You closely miss Terence.
Terence is heavily wounded.
Your cerulean imp hits Terence with a -3 spear.
Terence hits you with a +0 flail.
Casting: Call Imp (safe; 5% risk of failure)
Press: ? - help, Q - select action, (/) - cycle Dir - look around, f - activate A tiny devil pulls itself out of the air.
Your cerulean imp disappears in a puff of smoke!
Terence misses you.
You closely miss Terence.
Terence is severely wounded.
Terence misses you.
You barely miss Terence.
Terence is severely wounded.
Your cerulean imp hits Terence but does no damage.
Terence barely misses you.
You barely miss Terence.
Terence is severely wounded.
Your cerulean imp hits Terence but does no damage.
Terence bares his teeth.
Terence hits you with a +0 flail!
Ouch! That really hurt!
You die...

# ### .####..
...... #
####...##.#
'.......#.#
#..§@(.#
#§.@# ##.5#
#..#####.#
#+#
#........#
#.#
##.#######
#.# #.# ##.##
#.#
##...#######
#.#
##..........#
#.#


You could see Terence (ally target) and a friendly cerulean imp (summoned).

Vanquished Creatures
  2 ball pythons (D:1)
  An endoplasm (D:1)
  A goblin (D:1)
  A frilled lizard (D:1)
5 creatures vanquished.

Vanquished Creatures (collateral kills)
  A dart slug (D:1)
  2 bats (D:1)
  2 endoplasms (D:1)
  2 giant cockroaches (D:1)
  2 hobgoblins (D:1)
  A kobold (D:1)
  A quokka (D:2)
  A ball python (D:1)
  2 goblins
  A rat (D:1)
15 creatures vanquished.

Grand Total: 20 creatures vanquished

Notes
Turn   | Place    | Note
-------+----------+-------------------------------------------
     0 | D:1      | voltaire321 the Demonspawn Summoner began the quest for the
                  | Orb.
     0 | D:1      | Reached XP level 1. HP: 13/13 MP: 3/3
   137 | D:1      | Gained mutation: You regenerate a little health from kills.
                  | [demonic ancestry]
   137 | D:1      | Reached XP level 2. HP: 20/20 MP: 3/5
   140 | D:1      | Learned a level 2 spell: Call Imp
  1032 | D:2      | Noticed Terence
  1045 | D:2      | Slain by Terence

Illustrated notes

Levels and vault maps discovered:
D:1:      dpeg_arrival_tiny_a, layout_basic, serial_aquarium,
          aquarium_bridge_long_joined [aquarium_subvault_bridge,
          aquarium_subvault_balcony, aquarium_subvault_bridge,
          aquarium_subvault_wall, aquarium_subvault_window,
          aquarium_subvault_bridge], aquarium_window_fake,
          aquarium_window_corridor_2, aquarium_view_2c, aquarium_view_2d,
          aquarium_balcony_3b, roderic_roman_lattice
D:2:      layout_loops_corners, uniq_terence

Skill      XL: |  1  2 |
---------------+-------+-----
Dodging        | 2 |  2.1
Fighting       | |  0.8
Armour         | |  0.7
Stealth        | |  1.8
Spellcasting   | |  2.2
Summonings     | |  4.2

Action                     || total
---------------------------++-------
  Melee: Unarmed           ||    39
         Short sword       ||    20
   Cast: Summon Small Mamm ||     6
         Call Imp          ||    11
   Stab: Sleeping          ||     1
 Armour: Robe              ||    24
  Dodge: Dodged            ||    51

Table legend: (Time is in decaauts)
 A = Elapsed time spent in this place.
 B = Non-inter-level travel time spent in this place.
 C = Inter-level travel time spent in this place.
 D = Time resting spent in this place.
 E = Time spent auto-exploring this place.
 F = Levels seen in this place.
 G = Mean time per level.
                   A        B        C        D        E       F      G
               +--------+--------+--------+--------+--------+-----+--------+
         Total |   1044 |   1029 |     15 |     16 |    804 |   2 |  522.0 |
       Dungeon |   1044 |   1029 |     15 |     16 |    804 |   2 |  522.0 |
               +--------+--------+--------+--------+--------+-----+--------+

Top non-repeatable levels by time:
     D:1: 885 daAuts
     D:2: 158 daAuts
